 Dungeon Crawl Stone Soup version 0.27-a0-1431-gcffa5a9b16 (webtiles) character file.

Game seed: 7198975857847337660

249 wesbby the Shooter (level 5, -3/46 HPs)
             Began as a Minotaur Hunter on July 2, 2021.
             Was an Initiate of Ashenzari.
             Slain by an orc wizard (4 damage)
             ... on level 4 of the Dungeon.
             The game lasted 00:07:15 (3338 turns).

wesbby the Shooter (Minotaur Hunter)                Turns: 3338, Time: 00:07:15

Health: -3/46      AC:  7    Str: 17    XL:     5   Next: 86%
Magic:  4/4        EV: 10    Int:  8    God:    Ashenzari [......]
Gold:   194        SH:  0    Dex: 11    Spells: 4/4 levels left

rFire    . . .     SeeInvis .   b - +0 short sword
rCold    . . .     Faith    .   (no shield)
rNeg     . . .     Spirit   .   t - +0 scale mail
rPois    .         Reflect  .   (helmet restricted)
rElec    .         Harm     .   (no cloak)
rCorr    .         Rampage  .   l - +0 pair of gloves of the Eternal Doubts {Stlth+, Cun, Evo} (curse)
Will     .....                  (no boots)
Stlth    +.........             (no amulet)
HPRegen  0.15/turn              (no ring)
MPRegen  0.09/turn              (no ring)

@: no status effects
A: horns 2, retaliatory headbutt
a: Renounce Religion, Curse Item, Shatter the Chains


You were on level 4 of the Dungeon.
You worshipped Ashenzari.
Ashenzari was noncommittal.
You visited 1 branch of the dungeon, and saw 4 of its levels.

You collected 257 gold pieces.
You spent 63 gold pieces at shops.

Inventory:

Hand Weapons
 a - a +1 shortbow of electrocution
 b - a +0 short sword (weapon)
Missiles
 d - 5 arrows
Armour
 c - a +0 leather armour
 l - the cursed +0 pair of gloves of the Eternal Doubts (worn) {Stlth+, Cun, Evo}
   (You found it on level 1 of the Dungeon)

   It has a curse which improves the following skills: Cunning: Dodging and
   Stealth.
   Evocations: Evocations.
 t - a +0 scale mail (worn)
 w - a +0 pair of gloves
Jewellery
 g - a ring of willpower
 k - a +4 ring of protection
Scrolls
 f - a scroll of blinking
 h - a scroll of teleportation
 m - a scroll of noise
 q - a scroll of fog
 s - a scroll of brand weapon
Potions
 e - 2 potions of flight
 i - a potion of might
 j - a potion of haste
 n - a potion of brilliance
 o - 2 potions of heal wounds
 p - a potion of ambrosia
 r - 3 potions of curing
 u - a potion of resistance
 v - 2 potions of magic


   Skills:
 * Level 4.1 Fighting
 + Level 0.1 Short Blades
 * Level 6.9 Bows
 + Level 1.6 Armour
 + Level 2.3(2.8) Dodging
 - Level 0.7(1.0) Stealth


You had 4 spell levels left.
You didn't know any spells.
Your spell library contained the following spells:

 Spells                   Type           Power      Damage    Failure   Level
 Dazzling Flash           Conj/Hex       0%         N/A       99%         3
 Iskenderun's Mystic Bla  Conj/Tloc      0%         2d3       100%        4
 Starburst                Conj/Fire      0%         8x6d3     100%        6


Dungeon Overview and Level Annotations

Branches:
Dungeon (4/15)
 Temple: D:4-7

Altars:
Ashenzari
Wu Jian

Shops:
D:2 (   D:4 [?(


Innate Abilities, Weirdness & Mutations

You have a pair of horns on your head.
You reflexively headbutt those who attack you in melee.


Message History

Something hits you.
You hit the orc priest.
You kill the orc priest!
The orc priest calls down the wrath of Beogh upon you.
Beogh smites you! Something hits you.
Your Fighting skill increases to level 4!
You are too injured to fight recklessly!
You are too injured to fight recklessly!
You are too injured to fight recklessly!
You are too injured to fight recklessly!
You are too injured to fight recklessly!
You are too injured to fight recklessly!
You are too injured to fight recklessly!
You are too injured to fight recklessly!
You are too injured to fight recklessly!
You are too injured to fight recklessly!
You are too injured to fight recklessly!
You are too injured to fight recklessly!
You are too injured to fight recklessly!
You are too injured to fight recklessly!
You are too injured to fight recklessly!
You are too injured to fight recklessly!
You are too injured to fight recklessly!
You are too injured to fight recklessly!
You are too injured to fight recklessly!
You are too injured to fight recklessly!
Unknown command.
You are too injured to fight recklessly!
You hit something. Your headbutt misses something.
The orc priest hits you with a +0 flail.
Something hits you. x2
* * * LOW HITPOINT WARNING * * *
You miss something. The orc priest misses you. You furiously retaliate!
You headbutt the orc priest.
Something hits you but does no damage. x2
You hit something but do no damage.
The orc priest mumbles some strange prayers to Beogh against you.
Beogh smites you!
* * * LOW HITPOINT WARNING * * *
Something hits you.
You die...

#..........#..#....
#..........#..#....
..........'..#.... ##
..........#..#.... #..
+#......#..##... #...
#......#...#... #....
#......#...#...
#.....####......#...#...
#.o@........#...#...
#.{{........#...#...
+...........#...#...
#...........#...#...
##+##.......#...#.≈.
#.......#...#≈≈.
#.>.....#...#≈≈∩
#.......#'###≈≈≈
#.......'....#≈≈


You could see an orc priest.

Vanquished Creatures
  A scorpion (D:4)
  An orc priest (D:4)
  A hound (D:3)
  Natasha (D:2)
  A howler monkey skeleton (D:4)
  An adder (D:4)
  A white imp (D:3)
  2 worms
  A dart slug (D:3)
  7 bats
  4 endoplasms
  2 giant cockroaches (D:1)
  8 goblins
  8 hobgoblins
  5 jackals (D:1)
  7 quokkas
  5 ball pythons
  3 frilled lizards (D:1)
  8 kobolds
  6 rats
73 creatures vanquished.

Notes
Turn   | Place    | Note
-------+----------+-------------------------------------------
     0 | D:1      | wesbby the Minotaur Hunter began the quest for the Orb.
     0 | D:1      | Reached XP level 1. HP: 18/18 MP: 0/0
   184 | D:1      | Reached XP level 2. HP: 25/25 MP: 1/1
   226 | D:1      | Reached skill level 5 in Bows
   367 | D:1      | Reached XP level 3. HP: 20/30 MP: 2/2
   893 | D:1      | Found a faded altar of an unknown god.
   896 | D:1      | Became a worshipper of Ashenzari the Shackled
  1253 | D:2      | Reached skill level 1 in Armour
  1342 | D:2      | Found Konecah's Antique Weapon Emporium.
  1468 | D:2      | Noticed Natasha
  1471 | D:2      | Killed Natasha
  1472 | D:2      | Reached XP level 4. HP: 18/38 MP: 3/3
  2545 | D:3      | Reached skill level 6 in Bows
  2864 | D:4      | Reached XP level 5. HP: 42/45 MP: 4/4
  2905 | D:4      | Found an ornate altar of the Wu Jian Council.
  2992 | D:4      | Found Kenat's Weapon Shoppe.
  3136 | D:4      | Found Feobi's Magic Scroll Shoppe.
  3279 | D:4      | Found Gorhon's Armour Shop.
  3287 | D:4      | Bought a +0 pair of gloves for 63 gold pieces
  3338 | D:4      | HP: 1/46 [orc priest/divine providence (12)]
  3338 | D:4      | Slain by an orc wizard

Illustrated notes

Levels and vault maps discovered:
D:1:      minmay_arrival_stair_chambers, layout_basic,
          hellmonk_ecumenical_altar_inner_sanctum, chequers_garden
D:2:      layout_basic, serial_shops, shop, uniq_natasha
D:3:      layout_basic, chequers_serial_rivers_micro_c
D:4:      layout_gridville, general_overflow_altar, enter_ossuary_1,
          serial_shops, nicolae_shop_stone, nicolae_shop_waterfront, shop

Skill      XL: |  1  2  3  4  5 |
---------------+----------------+-----
Bows           | 5 6 |  6.9
Armour         | 1 |  1.6
Fighting       | 3 4 |  4.1
Short Blades   | |  0.1
Dodging        | |  2.3
Stealth        | |  0.7

Action                   |  1- 3 |  4- 6 || total
-------------------------+-------+-------++-------
Melee: Short sword       |    10 |    41 ||    51
       Headbutt          |     1 |     4 ||     5
 Fire: Shortbow          |    80 |    50 ||   130
Invok: Curse Item        |     1 |       ||     1
  Use: Scroll            |     1 |       ||     1
Armor: Leather armour    |    10 |     1 ||    11
       Scale mail        |       |    21 ||    21
Dodge: Dodged            |    32 |    19 ||    51

Table legend: (Time is in decaauts)
 A = Elapsed time spent in this place.
 B = Non-inter-level travel time spent in this place.
 C = Inter-level travel time spent in this place.
 D = Time resting spent in this place.
 E = Time spent auto-exploring this place.
 F = Levels seen in this place.
 G = Mean time per level.
                   A        B        C        D        E       F      G
               +--------+--------+--------+--------+--------+-----+--------+
         Total |   3345 |   3161 |    184 |      0 |   2741 |   4 |  836.2 |
       Dungeon |   3345 |   3161 |    184 |      0 |   2741 |   4 |  836.2 |
               +--------+--------+--------+--------+--------+-----+--------+

Top non-repeatable levels by time:
     D:1: 1094 daAuts
     D:3: 862 daAuts
     D:2: 762 daAuts
     D:4: 625 daAuts
